 Dungeon Crawl Stone Soup version 0.31-a0-237-g2d982f9f85 (webtiles) character file.

Game seed: 7881415013676972323

288 Barbarella the Sneak (level 6, 0/52 HPs)
             Began as a Kobold Brigand on July 11, 2023.
             Slain by an ufetubus (2 damage)
             ... summoned by Eustachio
             ... in the Ecumenical Temple.
             The game lasted 00:12:51 (3207 turns).

Barbarella the Sneak (Kobold Brigand)               Turns: 3207, Time: 00:12:51

Health: 0/52       AC:  6    Str: 12      XL:     6   Next: 57%
Magic:  6/6        EV: 14    Int: 18      God:
Gold:   167        SH:  0    Dex: 14 (17) Spells: 5/5 levels left

rFire   . . .        i - +2 dagger
rCold   . . .        (no shield)
rNeg    . . .        b - +0 robe
rPois   .            (no helmet)
rElec   .            c - +0 cloak
rCorr   .            l - +0 pair of gloves
SInv    .            (no boots)
Will    .....        (no amulet) Stlth
                     j - +6 ring of intelligence
HPRegen 0.28/turn    (no ring)
MPRegen 0.10/turn

%: no passive effects
@: berserking (expiring), very quick
A: small, no large weapons, nightstalker 3, iridescent scales 1, strong 1
a: no special abilities


You were in the Ecumenical Temple.
You visited 2 branches of the dungeon, and saw 5 of its levels.

You collected 189 gold pieces.
You spent 22 gold pieces at shops.

Inventory:

Hand Weapons
 a - a +0 vampiric dagger
 i - a +2 dagger (weapon)
Missiles
 d - 9 poisoned darts (quivered)
 e - 3 curare-tipped darts
Armour
 b - a +0 robe (worn)
 c - a +0 cloak (worn)
 l - a +0 pair of gloves (worn)
Jewellery
 j - a +6 ring of intelligence (left hand)
Wands
 k - a wand of flame (23)
Potions
 g - a potion of attraction
 p - a potion of lignification {unknown}


   Skills:
 - Level 2.1 Fighting
 * Level 7.1 Short Blades
 - Level 2.1 Throwing
 + Level 1.3 Dodging
 + Level 7.3 Stealth


You had 5 spell levels left.
You didn't know any spells.
Your spell library was empty.

Dungeon Overview and Level Annotations

Branches:
Dungeon (4/15)             Temple (1/1) D:4

Altars:
Cheibriados
Okawaru

Shops:
D:1 [(   D:3 *

Annotations:
D:4 Ijyb
Temple Eustachio


Innate Abilities, Weirdness & Mutations

You are small and have problems with some larger weapons.
You are completely attuned to the shadows.
You are partially covered in iridescent scales. (AC +2)
Your muscles are strong. (Str +4, Int/Dex -1)


Message History

The ufetubus hits you but does no damage. x2
You puncture Eustachio!
Eustachio is heavily wounded.
The bat closely misses you.
The shadow imp splashes around in the water.
The quasit closely misses you.
The quasit claws you but does no damage. x2
The ufetubus closely misses you. The ufetubus misses you.
You puncture Eustachio!
Eustachio is severely wounded.
The bat hits you but does no damage. Eustachio closely misses you.
You closely miss Eustachio.
Eustachio is severely wounded.
The bat hits you but does no damage. The ufetubus closely misses you.
The ufetubus misses you.
The quasit splashes around in the water.
The quasit closely misses you.
The quasit claws you but does no damage.
The shadow imp closely misses you.
You hit Eustachio.
Eustachio is almost dead.
The ufetubus hits you but does no damage.
The ufetubus barely misses you.
You barely miss Eustachio.
Eustachio is almost dead.
The bat misses you.
The quasit splashes around in the water.
The quasit misses you. The quasit closely misses you.
Eustachio gestures wildly while chanting.
Eustachio blinks!
The bat closely misses you.
The shadow imp splashes around in the water.
You closely miss the quasit. The ufetubus barely misses you.
The ufetubus hits you.
* * * LOW HITPOINT WARNING * * *
The quasit splashes around in the water.
The quasit closely misses you. The quasit misses you.
Unknown command.
The bat attacks as you move away! The bat hits you but does no damage. x2
The ufetubus hits you.
You die...

♣≈≈≈≈≈≈
♣♣~≈§≈≈≈≈
♣♣~...~≈≈≈♣
♣..§~..≈§≈♣
♣((<..~≈♣
..♣...@~~♣
...~.5@5~♣
....♣5b~~♣
..♣.♣.~~♣♣
....♣♣~~♣
~~♣♣ ~~♣ ♣♣


You could see Eustachio, a quasit (summoned), a shadow imp (summoned), an
ufetubus (summoned) and a bat (summoned).

Vanquished Creatures
  A phantom (D:3)
  A hound (D:3)
  An orc wizard (D:3)
  8 adders
  2 dart slugs
  10 orcs
  5 endoplasms
  A giant cockroach (D:1)
  4 goblins
  8 hobgoblins
  7 jackals
  7 kobolds
  3 quokkas
  5 ball pythons
  4 bats
  4 frilled lizards
  8 rats
79 creatures vanquished.

Notes
Turn   | Place    | Note
-------+----------+-------------------------------------------
     0 | D:1      | Barbarella the Kobold Brigand began the quest for the Orb.
     0 | D:1      | Reached XP level 1. HP: 12/12 MP: 1/1
    54 | D:1      | Found Koiryel's Antique Weapon Shoppe.
   182 | D:1      | Reached XP level 2. HP: 17/17 MP: 2/2
   468 | D:1      | Found a faded altar of an unknown god.
   540 | D:1      | Found Keank's Antique Armour Shop.
   644 | D:1      | Reached XP level 3. HP: 21/21 MP: 3/3
  1033 | D:2      | Reached XP level 4. HP: 25/26 MP: 4/4
  1214 | D:2      | Reached skill level 5 in Short Blades
  1458 | D:3      | Reached XP level 5. HP: 30/30 MP: 5/5
  1516 | D:3      | HP: 1/30 [something (4)]
  1927 | D:3      | Found an iron altar of Okawaru.
  1977 | D:3      | Found Gaeshy's General Store.
  1997 | D:3      | Bought a scroll of identify for 22 gold pieces
  2118 | D:3      | Noticed a phantom
  2231 | D:3      | Reached XP level 6. HP: 35/35 MP: 6/6
  2570 | D:4      | Noticed Eustachio
  2570 | D:4      | Found a snail-covered altar of Cheibriados.
  2833 | D:4      | Noticed Ijyb
  2862 | D:4      | Paralysed by Ijyb for 2 turns
  2873 | D:4      | Paralysed by Ijyb for 3 turns
  3170 | D:4      | Found a staircase to the Ecumenical Temple.
  3176 | Temple   | Entered the Ecumenical Temple
  3196 | Temple   | Gained mutation: You are partially covered in iridescent
                  | scales. (AC +2) [potion of mutation]
  3196 | Temple   | Gained mutation: Potions are less effective at restoring
                  | your health. [potion of mutation]
  3196 | Temple   | Gained mutation: You have a pair of small horns on your
                  | head. [potion of mutation]
  3197 | Temple   | Lost mutation: You have a pair of small horns on your head.
                  | [potion of mutation]
  3197 | Temple   | Lost mutation: Potions are less effective at restoring your
                  | health. [potion of mutation]
  3197 | Temple   | Gained mutation: Your muscles are strong. (Str +4, Int/Dex
                  | -1) [potion of mutation]
  3199 | Temple   | HP: 2/52 [quasit[Eustachio] (2)]
  3206 | Temple   | HP: 2/52 [ufetubus[Eustachio] (1)]
  3207 | Temple   | Slain by an ufetubus

Illustrated notes

Levels and vault maps discovered:
D:1:      dpeg_arrival_radiant, layout_loops_cross, serial_shops,
          nicolae_shop_tiny_waterfront, shop, chequers_ecumenical_altar_grove,
          grunt_decor_clamped
D:2:      layout_rooms, kennysheep_generic_room_15
D:3:      layout_rooms, okawaru_gym_becter, serial_shops,
          nicolae_shop_tiny_waterfront, minmay_misc_feat_encased
D:4:      layout_cave_pods, mainiacjoe_overflow_alcove_1,
          minmay_temple_entry_stoned_glass, uniq_ijyb, uniq_eustachio,
          uniq_sigmund
Temple:   nicolae_temple_bog_church

Skill      XL: |  1  2  3  4  5  6 |
---------------+-------------------+-----
Short Blades   | 3 4 5 6 7 |  7.1
Stealth        | 6 7 |  7.3
Fighting       | |  2.1
Throwing       | |  2.1
Dodging        | |  1.3

Action                     |  1- 3 |  4- 6 || total
---------------------------+-------+-------++-------
  Melee: Dagger            |    60 |   248 ||   308
         Punch             |       |     2 ||     2
  Throw: Dart              |     1 |    16 ||    17
    Use: Potion            |       |     7 ||     7
         Scroll            |       |     1 ||     1
   Stab: Sleeping          |    19 |    22 ||    41
         Distracted        |     1 |       ||     1
 Armour: Robe              |     5 |    57 ||    62
  Dodge: Dodged            |    21 |   164 ||   185

Table legend: (Time is in decaauts)
 A = Elapsed time spent in this place.
 B = Non-inter-level travel time spent in this place.
 C = Inter-level travel time spent in this place.
 D = Time resting spent in this place.
 E = Time spent auto-exploring this place.
 F = Levels seen in this place.
 G = Mean time per level.
                   A        B        C        D        E       F      G
               +--------+--------+--------+--------+--------+-----+--------+
         Total |   3101 |   2963 |    138 |    723 |   1424 |   5 |  620.2 |
       Dungeon |   3078 |   2940 |    138 |    723 |   1424 |   4 |  769.5 |
        Temple |     23 |     23 |      0 |      0 |      0 |   1 |   23.0 |
               +--------+--------+--------+--------+--------+-----+--------+

Top non-repeatable levels by time:
     D:3: 1193 daAuts
     D:1: 909 daAuts
     D:2: 801 daAuts
     D:4: 174 daAuts
  Temple: 23 daAuts
